 Dungeon Crawl Stone Soup version 0.22-a0-439-gac93bac (webtiles) character file.

106 Borgoz the Ruffian (level 4, 0/37 HPs)
             Began as a Ghoul Gladiator on May 29, 2018.
             Slain by Crazy Yiuf
             ... wielding a +4 quarterstaff of chaos
              (5 damage)
             ... on level 2 of the Dungeon.
             The game lasted 00:02:44 (1362 turns).

Borgoz the Ruffian (Ghoul Gladiator)                Turns: 1362, Time: 00:02:45

Health: 0/37       AC:  4    Str: 17    XL:     4   Next: 84%
Magic:  3/3        EV: 18    Int:  3    God:
Gold:   96         SH:  0    Dex: 16    Spells: 3/3 levels left

rFire    . . .     SeeInvis .     - Unarmed
rCold    + . .     Gourm    .   (no shield)
rNeg     + + +     Faith    .   a - +0 leather armour
rPois    ∞         Spirit   .   b - +0 helmet
rElec    .         Reflect  .   (no cloak)
rCorr    .         Harm     .   (no gloves)
MR       .....                  (no boots)
Stlth    ++........             (no amulet)
HPRegen  0.00/turn              (no ring)
MPRegen  0.08/turn              (no ring)

@: agile, rotting
A: rotting body, claws 1, carnivore, cold resistance 1, negative energy
resistance 3, inhibited regeneration, torment resistance, unbreathing
a: no special abilities


You were on level 2 of the Dungeon.
You were not hungry.

You visited 1 branch of the dungeon, and saw 2 of its levels.

You collected 96 gold pieces.

Inventory:

Missiles
 c - 3 throwing nets (quivered)
Armour
 a - a +0 leather armour (worn)
 b - a +0 helmet (worn)
Scrolls
 e - 2 scrolls of amnesia
 g - a scroll of remove curse {unknown}
 h - a scroll of immolation {unknown}
 m - a scroll of teleportation {unknown}
Potions
 i - a potion of mutation {unknown}
 l - a potion of curing
Comestibles
 d - a ration
 f - a chunk of flesh


   Skills:
 + Level 2.9 Fighting
 - Level 1.7 Throwing
 * Level 2.1 Armour
 * Level 3.5 Dodging
 + Level 3.8 Unarmed Combat


You had 3 spell levels left.
You didn't know any spells.
Your spell library was empty.

Dungeon Overview and Level Annotations

Branches:
Dungeon (2/15)

Altars:

Annotations:
D:2 Crazy Yiuf


Innate Abilities, Weirdness & Mutations

Your body is rotting away.
You thrive on raw meat.
You are immune to poison.
You have sharp fingernails.
You are carnivorous and can eat meat at any time.
Your flesh is cold resistant. (rC+)
You are immune to negative energy. (rN+++)
You do not regenerate when monsters are visible.
You are immune to unholy pain and torment.
You can survive without breathing.


Message History

Crazy Yiuf is lightly wounded.
Crazy Yiuf hits you but does no damage.
You scratch Crazy Yiuf.
Crazy Yiuf is moderately wounded.
Crazy Yiuf yells, "Two sallow aubergine!"
Crazy Yiuf closely misses you.
You claw Crazy Yiuf!
Crazy Yiuf is almost dead.
Crazy Yiuf hits you with a quarterstaff of chaos!
Crazy Yiuf freezes you.
You completely miss Crazy Yiuf.
Crazy Yiuf is almost dead.
Crazy Yiuf laughs, "Hack childish foot!"
Crazy Yiuf barely misses you.
You barely miss Crazy Yiuf.
Crazy Yiuf is almost dead.
Crazy Yiuf hits you with a quarterstaff of chaos!
* * * LOW HITPOINT WARNING * * *
Space bends around you.
You die...

####.#
#.##.##.##.#
#.#
#.##.##.##.#
#.#
#.##.##.##.##
#.#
#.##.........
###
##.........##
######......
##### #######
#)g.# #.@.#
#...# ##'##
############
♣.♣♣
#...........
♣♣.♣
############
♣.♣♣ ♣♣.♣
♣♣.♣♣ #####
♣♣...♣ #...#


You could see Crazy Yiuf.

Vanquished Creatures
  Terence (D:2)
  An adder (D:2)
  5 worms
  A dart slug (D:1)
  A leopard gecko (D:1)
  2 ball pythons (D:2)
  4 giant cockroaches
  8 goblins
  5 hobgoblins
  3 jackals (D:1)
  A quokka (D:2)
  7 bats
  2 frilled lizards
  8 kobolds
  5 rats
54 creatures vanquished.

Notes
Turn   | Place    | Note
-------+----------+-------------------------------------------
     0 | D:1      | Borgoz the Ghoul Gladiator began the quest for the Orb.
     0 | D:1      | Reached XP level 1. HP: 17/17 MP: 0/0
   198 | D:1      | Reached XP level 2. HP: 25/25 MP: 1/1
   298 | D:1      | Reached skill level 1 in Armour
   315 | D:1      | Reached XP level 3. HP: 27/30 MP: 2/2
   923 | D:2      | Noticed Terence
   932 | D:2      | Killed Terence
   932 | D:2      | Reached XP level 4. HP: 29/37 MP: 3/3
  1255 | D:2      | Found a runed door.
  1354 | D:2      | Noticed Crazy Yiuf
  1362 | D:2      | Slain by Crazy Yiuf

Vault maps used:
D:1:      saegor_arrival_simple_d, serial_bayou_pond_b
D:2:      uniq_terence, uniq_crazy_yiuf_cottage

Skill      XL: |  1  2  3  4 |
---------------+-------------+-----
Dodging        | 3 |  3.5
Armour         | 1 2 |  2.1
Fighting       | |  2.9
Throwing       | |  1.7
Unarmed Combat | |  3.8

Action                   |  1- 3 |  4- 6 || total
-------------------------+-------+-------++-------
Melee: Unarmed           |   118 |    58 ||   176
       Punch             |     1 |       ||     1
  Use: Scroll            |       |     3 ||     3
       Potion            |       |     1 ||     1
  Eat: Chunk             |    13 |    10 ||    23
Armor: Leather armour    |    36 |     9 ||    45
Dodge: Dodged            |    71 |    33 ||   104

Table legend:
 A = Spawn XP
 B = Non-spawn XP
 C = Spawn XP percentage of total XP
 D = Spawn monster count
 E = Non-spawn monster count
 F = Spawn count percentage of total count
 G = Total turns spent on level
                    A         B        C        D         E        F      G
               +---------+---------+-------+---------+---------+-------+---------
         Total |       0 |     152 |   0.0 |       0 |      54 |   0.0 |  1362
               +---------+---------+-------+---------+---------+-------+---------
           D:1 |       0 |      59 |   0.0 |       0 |      33 |   0.0 |   615
           D:2 |       0 |      93 |   0.0 |       0 |      21 |   0.0 |   747
               +---------+---------+-------+---------+---------+-------+---------
